cohdb
Replays
Latest Replays
All Replays
Popular Replays
Top Player Replays
Match Explorer
How It Works
Community
CoH3 Stats
Reddit
Sign in to upload your games and track your stats! →
Sign in with Steam
Match 28509527
Unlisted
Match 28509527
Overview
Messages
Build Orders
End
Selects Air and Sea Battlegroup
Construct Section Command Post
Vickers Machine Gun Team
Infantry Section
Infantry Section
Infantry Section
Selects Supply Surplus
Construct Field Infirmary
Construct Platoon Command Post
Selects Commando Section Paradrop
Humber Armored Car
Construct Resource Cache
Construct Resource Cache
Selects Commando LMG Section Paradrop
Infantry Training
Construct Company Command Post
Unlock M3 Grant Medium Tanks
M3 Grant Medium Tank
Sofia
Gesalzener Fisch
KR_kyu
markl151967
死神塔的不动猫
iAinEng
英3
Akaxiya
0
0
Comments
sign in to comment!
No comments posted yet!